 Dungeon Crawl Stone Soup version 0.31-a0-271-gb88eb75e06 (webtiles) character file.

Game seed: 16489905166816509399

72 LeprechaunX the Changeling (level 4, -1/30 HPs)
             Began as an Octopode Shapeshifter on July 14, 2023.
             Slain by Grinder (8 damage)
             ... on level 3 of the Dungeon.
             The game lasted 00:02:39 (1576 turns).

LeprechaunX the Changeling (Octopode Shapeshifter)  Turns: 1576, Time: 00:02:39

Health: -1/30      AC:  1    Str: 14    XL:     4   Next: 26%
Magic:  4/4        EV: 18    Int: 10    God:
Gold:   86         SH:  0    Dex: 14    Spells: 3/3 levels left

rFire   . . .        i - +1 hand axe (vamp)
rCold   . . .        (no shield)
rNeg    . . .        r - melded +1 hat
rPois   .            (no amulet)
rElec   .            e - +4 ring of slaying
rCorr   .            n - +5 ring of evasion
SInv    .            (no ring)
Will    .....        (no ring)
Stlth   ++           (no ring)
HPRegen 0.25/turn    (no ring)
MPRegen 0.09/turn    (no ring)
                     (no ring)

%: no passive effects
@: beast-form
A: beast (slay +2), almost no armour, amphibious, 8 rings, camouflage 1,
gelatinous body 1, (nimble swimmer 1), tentacles
a: Begin Untransformation


You were on level 3 of the Dungeon.
You were a hulking beast.
You visited 1 branch of the dungeon, and saw 3 of its levels.

You collected 86 gold pieces.

Inventory:

Hand Weapons
 i - a +1 vampiric hand axe (weapon)
Missiles
 o - 4 boomerangs (quivered)
Armour
 r - a +1 hat (melded)
Jewellery
 e - a +4 ring of slaying (left tentacle)
 n - a +5 ring of evasion (right tentacle)
Talismans
 b - a beast talisman
Wands
 w - a wand of flame (22)
Scrolls
 d - 4 scrolls of identify {unknown}
 g - 4 scrolls of blinking {unknown}
 h - a scroll of vulnerability {unknown}
 k - a scroll of immolation {unknown}
 l - a scroll of fear {unknown}
 q - 2 scrolls of poison {unknown}
 s - a scroll of teleportation {unknown}
 t - a scroll of enchant weapon {unknown}
 v - a scroll of enchant armour {unknown}
Potions
 a - 2 potions of lignification
 c - a potion of mutation {unknown}
 f - a potion of might {unknown}
 j - a potion of ambrosia {unknown}
 m - 3 potions of brilliance {unknown}
 p - 2 potions of invisibility {unknown}
 u - a potion of attraction {unknown}


   Skills:
 + Level 2.7 Fighting
 - Level 2.0 Dodging
 + Level 2.7 Unarmed Combat
 * Level 3.8 Shapeshifting


You had 3 spell levels left.
You didn't know any spells.
Your spell library contained the following spells:

 Spells                   Type           Power      Damage    Failure   Level
 Slow                     Hex            0%         N/A       36%         1
 Confusing Touch          Hex            0%         N/A       75%         3
 Vampiric Draining        Necr           0%         2d6       75%         3


Dungeon Overview and Level Annotations

Branches:
Dungeon (3/15)

Altars:
Hepliaklqana

Annotations:
D:3 Grinder


Innate Abilities, Weirdness & Mutations

You are a hulking beast.
Your limbs bulge with bestial killing power. (Slay +2)
You cannot wear most types of armour.
You are amphibious.
You can wear up to eight rings at the same time.
Your skin changes colour to match your surroundings (Stealth+).
Your rubbery body absorbs attacks. (AC +1, EV +1)
((You are camouflaged when in or above water. (Stealth+)))
You have tentacles for arms and can constrict up to eight enemies at once.


Message History

Grinder says, "Wait up."
There is an open door here.
The kobold throws a poisoned dart.
The poisoned dart barely misses you.
You close the door.
A kobold opens the door.
You slash the goblin!
You kill the goblin!
The goblin shoots a sling bullet.
The sling bullet completely misses you.
The goblin unwields a +0 sling.
The goblin wields a +0 dagger.
The goblin misses you.
Things that are here:
a +0 dagger of venom; a goblin corpse You hit the goblin.
You grab the goblin.
The goblin is severely wounded.
You constrict the goblin. The goblin misses you.
You hit the goblin.
You kill the goblin!
Grinder blinks!
You swing at nothing.
You hit the kobold. You grab the kobold. You squeeze the kobold.
You kill the kobold!
Throw: 4 boomerangs
Press: ? - help, Q - select action, (/) - cycle Shift-Dir - straight line, f - Grinder
Aim: Grinder (62% to hit)
You throw a boomerang. The boomerang hits Grinder.
Grinder is lightly wounded.
Grinder hits you!
You writhe in agony.
Items here: ( ))) ††.
You slash Grinder! Your grab misses Grinder. You squeeze Grinder.
Grinder is moderately wounded.
Grinder closely misses you. Grinder barely misses you.
You closely miss Grinder. Your grab misses Grinder.
Grinder is moderately wounded.
Grinder hits you!
* * * LOW HITPOINT WARNING * * *
You writhe in agony.
* * * LOW HITPOINT WARNING * * *
You slash Grinder! Your grab misses Grinder.
Grinder is severely wounded.
Grinder hits you!
You die...

..........##..# #.# #.########
..........##..# #.# #.#.......
..........##..######.###.##.#####
.................................
.......>.........................
..........##.........###.##.#####
..........##############.##.#
..........######.).......##.#
..............##h##########.#
#########.....##5######## ...
#.)...#.......... ...
#.....#..........
#.....#..........
#.....#..........
#.....#......|...
#.....#..........
#.....#..........


You could see Grinder.

Vanquished Creatures
  2 adders (D:3)
  A worm (D:3)
  2 dart slugs
  An orc (D:3)
  7 bats
  2 endoplasms
  2 giant cockroaches
  2 hobgoblins
  4 jackals (D:2)
  5 ball pythons
  4 frilled lizards
  4 goblins
  6 kobolds
  5 rats
47 creatures vanquished.

Notes
Turn   | Place    | Note
-------+----------+-------------------------------------------
     0 | D:1      | LeprechaunX the Octopode Shapeshifter began the quest for
                  | the Orb.
     0 | D:1      | Reached XP level 1. HP: 14/14 MP: 1/1
   300 | D:1      | Reached XP level 2. HP: 19/19 MP: 2/2
   469 | D:1      | Found a faded altar of an unknown god.
   751 | D:2      | Reached XP level 3. HP: 25/25 MP: 3/3
  1029 | D:3      | Found a hazy altar of Hepliaklqana.
  1127 | D:3      | Reached XP level 4. HP: 30/30 MP: 4/4
  1556 | D:3      | Noticed Grinder
  1576 | D:3      | Slain by Grinder

Illustrated notes

Levels and vault maps discovered:
D:1:      ebering_hopf_link, layout_basic, shapermc_ecumenical_altar_hornbeckon,
          minmay_close_crescents
D:2:      layout_rooms, grunt_decor_one_mirror
D:3:      layout_basic, mainiacjoe_overflow_24_doors, gammafunk_ghost_arena,
          uniq_grinder

Action                     |  1- 3 |  4- 6 || total
---------------------------+-------+-------++-------
  Melee: Hand axe          |    45 |    13 ||    58
         Unarmed           |     5 |       ||     5
         Constrict         |    13 |     2 ||    15
         Tentacles         |     5 |     2 ||     7
         Punch             |     1 |       ||     1
  Throw: Boomerang         |       |     1 ||     1
   Stab: Sleeping          |     4 |     2 ||     6
 Armour: Skin              |     4 |     2 ||     6
  Dodge: Dodged            |    39 |    13 ||    52
         Form:             |     1 |       ||     1
         Beast             |     1 |       ||     1

Table legend: (Time is in decaauts)
 A = Elapsed time spent in this place.
 B = Non-inter-level travel time spent in this place.
 C = Inter-level travel time spent in this place.
 D = Time resting spent in this place.
 E = Time spent auto-exploring this place.
 F = Levels seen in this place.
 G = Mean time per level.
                   A        B        C        D        E       F      G
               +--------+--------+--------+--------+--------+-----+--------+
         Total |   1591 |   1549 |     42 |      0 |   1234 |   3 |  530.3 |
       Dungeon |   1591 |   1549 |     42 |      0 |   1234 |   3 |  530.3 |
               +--------+--------+--------+--------+--------+-----+--------+

Top non-repeatable levels by time:
     D:3: 620 daAuts
     D:1: 549 daAuts
     D:2: 421 daAuts
